 Dungeon Crawl Stone Soup version 0.15.0-31-geb66e34 (webtiles) character file.

104010 Psiweapon the Stickfighter (level 16, -2/101 HPs)
             Began as a Gargoyle Gladiator on Sept 13, 2014.
             Was a High Priest of Okawaru.
             Slain by Nessos (8 damage)
             ... on Level 6 of the Lair of Beasts on Sept 14, 2014.
             The game lasted 03:15:51 (38616 turns).

Psiweapon the Stickfighter (Gargoyle Gladiator)    Turns: 38616, Time: 03:15:52

HP  -2/101       AC 35     Str 32      XL: 16   Next: 37%
MP   0/32        EV 15     Int 15      God: Okawaru [*****.]
Gold 1700        SH  0     Dex 13      Spells:  6 memorised, 12 levels left

rFire  + + .     SeeInvis .     E - +2 lajatang (flame)
rCold  + + .     Clarity  .     F - +3 chain mail {MR+}
rNeg   + . .     rCorr    .     (no shield)
rPois  +         rRot     +     L - +0 helmet "Fiskovud" {rF+ Str+4}
rElec  +         Spirit   +     N - +0 cloak
SustAb .         Warding  .     c - +1 pair of gloves {Str+3}
rMut   .         Stasis   .     P - +0 pair of boots
Gourm  .                        M - amulet of Owyproamp {Spirit rF+ rC++}
MR     +++..                    a - ring of Woosik {MR+ Str+3 Int+3}
                                b - ring of wizardry

@: heroism, flying, extremely resistant to hostile enchantments, very unstealthy
A: able to fly continuously, big wings, negative energy resistance 1,
electricity resistance, strong 1, unbreathing, petrification resistance, rot
immunity, AC +11
a: Stop Flying, Heroism, Finesse, Renounce Religion


You were on level 6 of the Lair of Beasts.
You worshipped Okawaru.
Okawaru was extremely pleased with you.
You were very hungry.

You visited 6 branches of the dungeon, and saw 30 of its levels.
You also visited: Labyrinth, Ossuary and Volcano.

You collected 3295 gold pieces.
You spent 1595 gold pieces at shops.

Inventory:

Hand weapons
 m - the +9 morningstar of Sin {freeze, +Blink Int+2}
   (You found it on level 11 of the Dungeon)

   It has been specially enchanted to freeze those struck by it, causing extra
   injury to most foes and up to double damage against particularly susceptible
   opponents.
   It can also slow down cold-blooded creatures.
   It affects your intelligence (+2).
   It lets you blink.
 o - a +6 quarterstaff of pain
 E - a +2 lajatang of flaming (weapon)
 J - a +3 antimagic lajatang
Missiles
 n - 4 tomahawks of returning
 s - 11 steel javelins
 z - 5 silver javelins
 V - 6 javelins of penetration
 Y - 8 poisoned javelins (quivered)
Armour
 c - a +1 pair of gloves of strength (worn)
 F - a +3 chain mail of magic resistance (worn)
 L - the +0 helmet "Fiskovud" (worn) {rF+ Str+4}
   (You bought it in a shop on level 4 of the Dungeon)

   It affects your strength (+4).
   It protects you from fire.
 N - a +0 cloak (worn)
 O - a +1 helmet of see invisible
 P - a +0 pair of boots (worn)
Magical devices
 g - a wand of draining (1)
 p - a wand of digging (11)
 w - a wand of paralysis (15)
 y - a wand of lightning (2)
 A - a wand of disintegration (2)
 K - a wand of invisibility (3)
Comestibles
 f - 11 bread rations
 v - 16 fruits
 x - 11 meat rations
Scrolls
 e - 2 scrolls of blinking
 i - a scroll of vulnerability
 C - 3 scrolls of fog
 S - 4 scrolls of teleportation
 U - 3 scrolls of magic mapping
 W - 4 scrolls of remove curse
Jewellery
 a - the ring of Woosik (right hand) {MR+ Str+3 Int+3}
   (You bought it in a shop on level 4 of the Dungeon)

   [ring of protection from magic]

   It affects your strength (+3).
   It affects your intelligence (+3).
   It affects your resistance to hostile enchantments.
 b - a ring of wizardry (left hand)
 B - an uncursed ring of invisibility
 D - an uncursed ring of teleportation
 I - an uncursed amulet of stasis
 M - the amulet of Owyproamp (around neck) {Spirit rF+ rC++}
   (You bought it in a shop on level 3 of the Orcish Mines)

   [amulet of guardian spirit]

   It causes incoming damage to be split between your health and magic.
   It protects you from fire.
   It greatly protects you from cold.
Potions
 j - 4 potions of agility
 k - 2 potions of heal wounds
 q - a potion of berserk rage
 r - 2 potions of invisibility
 t - 4 potions of brilliance
 u - 5 potions of haste
 H - 2 potions of might
 Q - 6 potions of curing
 X - a potion of cancellation
Rods
 l - a +6 rod of ignition (11/11)
   (You found it on level 8 of the Lair of Beasts)


   Skills:
 - Level 11.7(16.7) Fighting
 - Level 1.5(15.4) Maces & Flails
 - Level 15.3(20.4) Staves
 - Level 4.5(9.5) Throwing
 + Level 10.4(15.4) Armour
 - Level 9.5(14.5) Dodging
 - Level 3.4(8.4) Stealth
 + Level 9.1 Spellcasting
 - Level 1.1 Charms
 + Level 8.8 Necromancy
 - Level 1.0 Air Magic
 - Level 1.7 Earth Magic
 - Level 7.3 Invocations
 - Level 2.5 Evocations


You had 12 spell levels left.
You knew the following spells:

 Your Spells              Type           Power        Failure   Level  Hunger
a - Corpse Rot            Necr           N/A          1%          2    None
b - Agony                 Necr           ####....     7%          5    #####..
c - Dispel Undead         Necr           ####....     7%          5    #####..
d - Repel Missiles        Chrm/Air       ##....       10%         2    None
e - Swiftness             Chrm/Air       ##......     10%         2    None
f - Lee's Rapid Deconstr  Erth           ##........   95%         5    #####..


Dungeon Overview and Level Annotations

Branches:
Dungeon (15/15)            Temple (1/1) D:4             Orc (4/4) D:9
    Elf (1/3) Orc:3          Lair (8/8) D:10          Swamp (0/5) Lair:6
 Spider (1/5) Lair:6        Slime (0/6) Lair:7       Vaults (0/5) D:14
 Depths: D:15

Altars:
Ashenzari
Cheibriados
Dithmenos
Elyvilon
Fedhas
Kikubaaqudgha
Makhleb
Nemelex Xobeh
Okawaru
Qazlal
Sif Muna
Trog
Vehumet
Xom
Yredelemnul
Zin
The Shining One

Shops:
D:4 [?=[   D:6 *   Orc:1 *   Orc:2 =   Orc:3 *   Orc:4 *([=

Annotations:
D:7 exclusion: statue
D:12 exclusion: door
Spider:1 Aizul, Nessos


Innate Abilities, Weirdness & Mutations

You are resistant to torment.
You are immune to poison.
You can fly continuously.
Your stone body is very resilient (AC +11).
Your wings are large and strong.
You resist negative energy.
You are resistant to electric shocks.
You can survive without breathing.
You are immune to petrification.
You are immune to rotting.
Your muscles are strong. (Str +2)


Message History

The demonic crawler closely misses you. Something hits you.
* * * LOW HITPOINT WARNING * * *
The demonic crawler misses you. The demonic crawler hits you.
* * * LOW HITPOINT WARNING * * *
The demonic crawler barely misses you.
You continue taking off the +0 helmet "Fiskovud" {rF+ Str+4}.
Something hits you but does no damage. Something hits you!
* * * LOW HITPOINT WARNING * * *
The demonic crawler hits you.
* * * LOW HITPOINT WARNING * * *
The demonic crawler hits you.
* * * LOW HITPOINT WARNING * * *
The demonic crawler hits you but does no damage.
You continue taking off the +0 helmet "Fiskovud" {rF+ Str+4}.
Something hits you.
* * * LOW HITPOINT WARNING * * *
Something completely misses you. The demonic crawler barely misses you.
The demonic crawler hits you but does no damage. x2
Something hits you!
You die...

#....................P..#.##.....
..............>..........#.......
.............[...................
.................................
..............≈≈≈.≈≈≈............
.............≈.≈≈.≈≈.≈...........
.............≈≈.≈.≈.≈≈...........
.............≈≈≈s..≈≈≈.......P.#.
................@>..........####.
.............≈≈≈...≈≈≈......####.
.#...........≈≈.≈.≈.≈≈......#....
......P.##...≈.≈≈.≈≈.≈...........
≈...........≈.≈≈≈.≈≈≈............
≈.......##..≈............/..#....
≈.....................#...##.....
≈................................
≈....#...........................


You could see a demonic crawler.

Vanquished Creatures
  Maud (Lair:3)
  An orc warlord (Orc:4)
  A stone giant (Orc:4)
  6 dire elephants (Lair:8)
  A minotaur (Lab)
  A yaktaur captain (D:14)
  8 hydras
  The ghost of Rhoefr the Covert, a powerful TeAs of Dithmenos (Lair:2)
  2 centaur warriors
  An anaconda (Lair:8)
  6 death yaks (Lair:8)
  4 orc high priests (Orc:4)
  3 tengu warriors
  Nergalle (Lair:3)
  A fire crab (shapeshifter) (D:15)
  4 skeletal warriors
  Erolcha (Orc:2)
  3 hill giants
  2 unseen horrors
  The ghost of Psiweapon the Twirler, an experienced TeGl of Cheibriados (D:7)
  A necromancer (D:11)
  2 griffons (Lair:7)
  A wolf spider (Lair:5)
  3 orc knights (Orc:4)
  4 cyclopes
  18 elephants
  A manticore (D:11)
  2 orc sorcerers (Orc:4)
  3 toenail golems (Volcano)
  A queen ant (Lair:2)
  Joseph (D:7)
  3 molten gargoyles (Lair:6)
  10 black mambas
  18 spiny frogs
  2 yaktaurs (D:14)
  A centaur skeleton (D:11)
  A demonic crawler (Lair:6)
  3 fire drakes
  2 kobold demonologists
  8 komodo dragons
  2 gargoyles
  7 trolls
  A polar bear (Lair:2)
  17 blink frogs
  A two-headed ogre (D:9)
  A troll (shapeshifter) (D:13)
  5 slime creatures
  9 basilisks
  7 ravens (D:14)
  A hydra skeleton (D:15)
  2 flying skulls (D:11)
  5 shadows
  A deep elf mage (D:13)
  2 wyverns
  42 yaks
  3 hill giant zombies
  5 fire bats
  2 wraiths (D:13)
  4 vampire mosquitoes
  10 hippogriffs
  7 hungry ghosts
  3 wargs
  A deep elf fighter (D:10)
  7 humans
  7 soldier ants (Lair:2)
  5 porcupines
  6 wolves
  A swamp worm (Lair:6)
  14 water moccasins
  The ghost of bronies4ever the Sneak, an average VSAs (D:3)
  8 spiders (Lair:6)
  2 sky beasts
  9 ice beasts
  2 black bears
  2 necrophages (D:11)
  5 phantoms
  34 orc warriors
  A manticore skeleton (D:13)
  16 ogres
  A fire crab zombie (D:15)
  11 crocodiles
  3 boring beetles
  A brain worm (D:13)
  8 centaurs
  5 big kobolds
  3 elf zombies
  20 giant frogs
  A human simulacrum (D:14)
  2 elf skeletons
  3 scorpions
  2 hippogriff zombies
  10 wights
  A tengu skeleton (D:11)
  A hippogriff skeleton (D:11)
  11 killer bees
  4 electric eels
  10 crimson imps
  12 jellies
  A quasit (D:10)
  A giant frog zombie (D:11)
  5 centaur zombies
  5 goliath beetles
  26 orc wizards
  17 orc priests
  A giant frog skeleton (D:6)
  9 hounds
  A human skeleton (D:5)
  A basilisk skeleton (D:12)
  6 orange rats (Lair:4)
  Natasha (thrice) (D:4)
  6 iguanas
  30 worker ants
  11 sheep
  A mottled dragon zombie (D:11)
  A big kobold zombie (Ossuary)
  A mottled dragon skeleton (D:11)
  2 ogre skeletons (D:11)
  4 mummies (Ossuary)
  A hound zombie (Ossuary)
  A hound skeleton (D:4)
  A worker ant zombie (D:11)
  54 green rats
  31 adders
  6 giant mites
  2 shadow imps
  4 worms
  An iguana zombie (D:12)
  3 adder zombies
  An iguana skeleton (D:6)
  6 giant geckos
  10 oozes (Lair:6)
  157 orcs
  34 bats
  4 giant cockroaches
  A gnoll zombie (Ossuary)
  28 goblins
  18 hobgoblins
  34 kobolds
  19 quokkas
  4 ball pythons
  A giant cockroach zombie (D:5)
  5 giant newts
  A goblin skeleton (D:5)
  3 goblin zombies (Ossuary)
  9 jackals
  A jackal skeleton (D:4)
  A jackal zombie (Ossuary)
  4 kobold skeletons
  A kobold zombie (Ossuary)
  3 orc skeletons
  6 orc zombies
  24 rats
  A spectral orc (D:9)
  2 ballistomycetes (D:7)
  3 plants (Lair:8)
1118 creatures vanquished.

Vanquished Creatures (others)
  An unseen horror (D:13)
  A giant frog (D:7)
  A goliath beetle (D:11)
  An orc wizard (D:7)
  2 giant spores
  A rat zombie (Ossuary)
  A ballistomycete (D:9)
  7 fungi
  7 plants
22 creatures vanquished.

Grand Total: 1140 creatures vanquished

Notes
Turn   | Place    | Note
--------------------------------------------------------------
     0 | D:1      | Psiweapon, the Gargoyle Gladiator, began the quest for the Orb.
     0 | D:1      | Reached XP level 1. HP: 12/12 MP: 1/1
   398 | D:1      | Reached XP level 2. HP: 17/17 MP: 2/2
  1467 | D:2      | Reached XP level 3. HP: 16/21 MP: 3/3
  1576 | D:3      | Reached skill level 4 in Staves
  1576 | D:3      | Reached XP level 4. HP: 23/27 MP: 4/4
  1926 | D:2      | Reached skill level 1 in Armour
  1947 | D:2      | Found a shadowy altar of Dithmenos.
  2152 | D:3      | Noticed bronies4ever's ghost (average VSAs)
  2165 | D:3      | Killed bronies4ever's ghost
  2165 | D:3      | Reached XP level 5. HP: 22/32 MP: 5/5
  2290 | D:4      | Found Hecuessu's Jewellery Shoppe.
  2294 | D:4      | Found Buypnung's Magic Scroll Boutique.
  2575 | D:2      | Reached XP level 6. HP: 30/37 MP: 6/6
  2739 | D:3      | Found a blossoming altar of Fedhas.
  2994 | D:4      | Noticed a phantom
  3018 | D:4      | Killed a phantom
  3415 | D:4      | Noticed Natasha
  3426 | D:4      | Killed Natasha
  3775 | D:4      | Found Strun's Antique Armour Emporium.
  3799 | D:4      | Bought a distressingly furry helmet for 237 gold pieces
  3810 | D:4      | Identified the cursed +0 helmet "Fiskovud" {rF+ Str+4} (You bought it in a shop on level 4 of the Dungeon)
  3838 | D:4      | Found Tryuffe's Antique Armour Shop.
  3889 | D:4      | Found a stormy altar of Qazlal.
  3914 | D:4      | Reached skill level 5 in Staves
  3942 | D:4      | Found a staircase to the Ecumenical Temple.
  3952 | Temple   | Entered the Ecumenical Temple
  4138 | D:4      | Reached XP level 7. HP: 43/43 MP: 7/7
  4164 | D:4      | Noticed Natasha
  4203 | D:4      | Killed Natasha
  4435 | D:4      | Noticed an ogre
  4443 | D:4      | Killed an ogre
  4782 | D:5      | Entered Level 5 of the Dungeon
  5199 | D:5      | Reached XP level 8. HP: 40/48 MP: 8/8
  5261 | D:5      | Found a sand-covered staircase.
  5272 | D:5      | Reached skill level 6 in Staves
  5276 | Ossuary  | Entered an ossuary
  5389 | Ossuary  | Reached skill level 5 in Fighting
  5682 | Ossuary  | Identified 2 scrolls of acquirement
  5694 | Ossuary  | Identified a +4 rod of the swarm (9/9) (You acquired it in an ossuary)
  5878 | D:5      | Reached skill level 5 in Dodging
  6112 | D:5      | Reached skill level 1 in Stealth
  6803 | D:6      | Reached skill level 7 in Staves
  6803 | D:6      | Reached skill level 5 in Armour
  6803 | D:6      | Reached XP level 9. HP: 55/55 MP: 3/9
  7109 | D:6      | Found Ydiad's Assorted Antiques.
  7121 | D:6      | Bought a brightly glowing granite ring for 145 gold pieces
  7122 | D:6      | Identified the cursed ring of Rygoafips {-Cast Str-3} (You bought it in a shop on level 6 of the Dungeon)
  7417 | D:6      | Reached skill level 1 in Evocations
  7424 | D:6      | Reached skill level 8 in Staves
  8089 | D:7      | Noticed Joseph
  8105 | D:7      | Killed Joseph
  8351 | D:7      | Noticed Psiweapon's ghost (experienced TeGl)
  8370 | D:7      | Killed Psiweapon's ghost
  8370 | D:7      | Reached skill level 9 in Staves
  8370 | D:7      | Reached XP level 10. HP: 26/63 MP: 3/11
  8730 | D:7      | Found a radiant altar of Vehumet.
  8752 | D:7      | Found an iron altar of Okawaru.
  8760 | D:7      | Became a worshipper of Warmaster Okawaru
  9706 | D:9      | Found a staircase to the Orcish Mines.
  9827 | D:10     | Entered Level 10 of the Dungeon
  9841 | D:9      | Acquired Okawaru's first power
 10427 | D:8      | Found a snail-covered altar of Cheibriados.
 10427 | D:8      | Found a deep blue altar of Sif Muna.
 10870 | D:8      | Found an iron altar of Okawaru.
 11255 | D:9      | Found a basalt altar of Yredelemnul.
 11300 | D:9      | Got an iridescent flail
 11312 | D:9      | Reached skill level 10 in Staves
 11453 | D:9      | Reached XP level 11. HP: 67/69 MP: 3/14
 11499 | D:9      | Identified the +10 flail of the Whelk {freeze, Int+4} (You found it on level 9 of the Dungeon)
 12201 | D:10     | Found a staircase to the Lair.
 12220 | Lair:1   | Entered Level 1 of the Lair of Beasts
 12471 | Lair:1   | Reached skill level 11 in Staves
 13467 | Lair:2   | Found a dark tunnel.
 13697 | Volcano  | Entered a volcano
 13725 | Volcano  | Reached XP level 12. HP: 74/77 MP: 6/15
 13727 | Volcano  | Acquired Okawaru's second power
 13781 | Volcano  | Reached skill level 10 in Fighting
 13986 | Lair:2   | Reached skill level 1 in Maces & Flails
 14086 | Lair:2   | Reached skill level 12 in Staves
 14560 | Lair:2   | Reached skill level 1 in Invocations
 14703 | Lair:2   | Received a gift from Okawaru
 14887 | Lair:2   | Noticed Rhoefr's ghost (powerful TeAs)
 14913 | Lair:2   | Killed Rhoefr's ghost
 14978 | Lair:3   | Noticed Nergalle
 14995 | Lair:3   | Killed Nergalle
 15102 | Lair:3   | Found a labyrinth entrance.
 15113 | Lab      | Entered a labyrinth
 15554 | Lab      | Noticed a minotaur
 15567 | Lab      | Killed a minotaur
 15567 | Lab      | Received a gift from Okawaru
 15583 | Lab      | Got a pair of smoking gloves
 15590 | Lab      | Identified the +0 pair of gloves of the Snake Pit {Dex-1 Int+2 Slay-3} (You found it in a labyrinth)
 15598 | Lab      | Got a transparent spear
 15600 | Lab      | Identified the +9 spear of the Scorpion {freeze, rElec Stlth+} (You found it in a labyrinth)
 16118 | Lair:2   | Identified a -1 rod of shadows (14/14) (You acquired it on level 2 of the Lair of Beasts)
 16294 | Lair:3   | Reached skill level 13 in Staves
 16296 | Lair:3   | Received a gift from Okawaru
 16377 | Lair:2   | Learned a level 2 spell: Corpse Rot
 16447 | Lair:3   | Noticed Maud
 16795 | Lair:3   | Killed Maud
 16795 | Lair:3   | Reached XP level 13. HP: 23/84 MP: 0/18
 19078 | Lair:5   | Received a gift from Okawaru
 19543 | Lair:5   | Identified the Handbook of Combat Magic (You found it on level 5 of the Lair of Beasts)
 19681 | Lair:5   | Received a gift from Okawaru
 20275 | Lair:6   | Found a hole to the Spider Nest.
 20347 | Lair:6   | Found a staircase to the Swamp.
 20433 | Lair:6   | Reached skill level 14 in Staves
 21957 | D:10     | Found a shadowy altar of Dithmenos.
 22099 | D:10     | Reached skill level 1 in Necromancy
 22291 | D:11     | Gained mutation: Your wings are large and strong. [gargoyle growth]
 22291 | D:11     | Reached XP level 14. HP: 91/91 MP: 15/21
 22817 | D:11     | Got a warped morningstar
 22818 | D:11     | Identified the +9 morningstar of Sin {freeze, +Blink Int+2} (You found it on level 11 of the Dungeon)
 23984 | D:12     | Reached skill level 5 in Invocations
 24665 | D:12     | Received a gift from Okawaru
 25266 | D:13     | Received a gift from Okawaru
 25418 | D:12     | Reached skill level 5 in Necromancy
 25770 | Lair:2   | Learned a level 5 spell: Agony
 25776 | Lair:2   | Learned a level 5 spell: Dispel Undead
 26060 | D:13     | Reached skill level 1 in Spellcasting
 26321 | D:13     | Reached skill level 15 in Staves
 27210 | D:15     | Entered Level 15 of the Dungeon
 27447 | D:14     | Found a gate to the Vaults.
 27947 | D:14     | Received a gift from Okawaru
 28158 | D:14     | Learned a level 2 spell: Repel Missiles
 28161 | D:14     | Learned a level 2 spell: Swiftness
 28239 | D:14     | Reached XP level 15. HP: 94/96 MP: 8/25
 29050 | D:15     | Reached skill level 5 in Spellcasting
 29089 | D:15     | Learned a level 5 spell: Lee's Rapid Deconstruction
 30260 | Lair:6   | Reached skill level 1 in Charms
 30368 | Lair:7   | Reached skill level 1 in Earth Magic
 30385 | Lair:7   | Found a staircase to the Slime Pits.
 30494 | Lair:7   | Reached skill level 1 in Air Magic
 31070 | D:4      | Bought the ring of Woosik {MR+ Str+3 Int+3} for 446 gold pieces
 31079 | D:4      | Bought a scroll of enchant weapon for 75 gold pieces
 31079 | D:4      | Bought a scroll of enchant weapon for 75 gold pieces
 31083 | D:4      | Noticed Natasha
 31087 | D:4      | Killed Natasha
 31411 | Orc:1    | Entered Level 1 of the Orcish Mines
 31815 | Orc:1    | Found Qomi's General Store.
 32055 | Orc:2    | Found Kikoic's Jewellery Boutique.
 32189 | Orc:2    | Noticed Erolcha
 32216 | Orc:2    | Killed Erolcha
 32484 | Orc:3    | Found a staircase to the Elven Halls.
 32535 | Elf:1    | Entered Level 1 of the Elven Halls
 32841 | Orc:3    | Found Jyasoaro's Assorted Antiques.
 32879 | Orc:3    | Bought a brightly glowing brass amulet for 100 gold pieces
 32879 | Orc:3    | Bought 2 potions of haste for 280 gold pieces
 33429 | Lair:7   | Identified the amulet of Owyproamp {Spirit rF+ rC++} (You bought it in a shop on level 3 of the Orcish Mines)
 34645 | Lair:8   | Entered Level 8 of the Lair of Beasts
 35238 | Lair:8   | Identified a +5 rod of ignition (10/10) (You found it on level 8 of the Lair of Beasts)
 35434 | Lair:8   | Received a gift from Okawaru
 35583 | Lair:8   | Received a gift from Okawaru
 35957 | Lair:8   | Reached XP level 16. HP: 72/101 MP: 17/31
 36562 | Lair:8   | Gained mutation: Your muscles are strong. (Str +2) [potion of beneficial mutation]
 36965 | Orc:4    | Entered Level 4 of the Orcish Mines
 37263 | Orc:4    | Found Praanytt's Jewellery Boutique.
 37272 | Orc:4    | Reached skill level 10 in Armour
 37357 | Orc:4    | Found Sheagi's Antique Armour Shoppe.
 37427 | Orc:4    | Bought a pair of transparent gloves for 237 gold pieces
 37439 | Orc:4    | Identified the +0 pair of gloves of the Amoeba {rF++ rN+ SInv} (You bought it in a shop on level 4 of the Orcish Mines)
 37550 | Orc:4    | Received a gift from Okawaru
 37562 | Orc:4    | Found Fausauc's Antique Weapon Boutique.
 37610 | Orc:4    | Got an ichor-stained helmet {god gift}
 37621 | Orc:4    | Identified the +0 helmet of Leapfrog {+Blink +Rage Str-1} (Okawaru gifted it to you on level 4 of the Orcish Mines)
 37675 | Orc:4    | Found Viunt's General Store.
 38583 | Spider:1 | Entered Level 1 of the Spider Nest
 38595 | Spider:1 | Noticed Aizul
 38596 | Spider:1 | Noticed Nessos
 38616 | Lair:6   | Slain by Nessos

Action                   |  1- 3 |  4- 6 |  7- 9 | 10-12 | 13-15 | 16-18 || total
-------------------------+-------+-------+-------+-------+-------+-------++-------
Melee: Quarterstaff      |    99 |   214 |   252 |       |  1302 |   223 ||  2090
       Unarmed           |       |       |     1 |       |       |       ||     1
       Lajatang          |       |       |   267 |  1091 |   761 |    48 ||  2167
       Flail             |       |       |       |    46 |       |       ||    46
       Morningstar       |       |       |       |       |     1 |       ||     1
Throw: Throwing net      |       |     2 |     3 |     1 |       |       ||     6
       Tomahawk          |       |       |    19 |     4 |     9 |       ||    32
       Javelin           |       |       |     2 |    10 |    37 |    15 ||    64
 Cast: Corpse Rot        |       |       |       |       |     4 |       ||     4
       Repel Missiles    |       |       |       |       |     1 |     2 ||     3
       Agony             |       |       |       |       |       |    15 ||    15
       Dispel Undead     |       |       |       |       |       |     1 ||     1
Invok: Heroism           |       |       |       |    11 |    25 |     2 ||    38
       Finesse           |       |       |       |     3 |     5 |     1 ||     9
 Abil: Evoke Flight      |       |       |       |     1 |       |       ||     1
       Fly               |       |       |       |       |     1 |       ||     1
Evoke: Wand              |       |       |    11 |    16 |    14 |     4 ||    45
       tome              |       |       |       |       |     2 |       ||     2
       Rod               |       |       |       |       |     3 |     3 ||     6
  Use: Scroll            |       |     4 |    10 |    14 |    22 |     4 ||    54
       Potion            |       |       |       |     2 |     4 |     2 ||     8
 Stab: Held in net/web   |       |     1 |     1 |       |       |       ||     2
       Confused          |       |       |     1 |       |       |       ||     1
       Paralysed         |       |       |       |       |     4 |       ||     4
  Eat: Chunk             |     2 |     8 |    11 |    15 |    26 |    12 ||    74
       Fruit             |       |       |     4 |     3 |     6 |     3 ||    16
       Bread ration      |       |       |       |     1 |     6 |       ||     7
       Pizza             |       |       |       |     1 |     1 |       ||     2
       Beef jerky        |       |       |       |     2 |     1 |       ||     3
       Royal jelly       |       |       |       |     2 |       |       ||     2
       Meat ration       |       |       |       |       |     1 |       ||     1
